 Dungeon Crawl Stone Soup version 0.21-a0-404-g291f19a (webtiles) character file.

16698 GameOver the Covert (level 12, -2/109 HPs)
             Began as a Naga Wizard on Oct 30, 2017.
             Was a High Priest of Cheibriados.
             Shot with an arrow by a centaur (12 damage)
             ... on level 2 of the Orcish Mines on Oct 31, 2017.
             The game lasted 02:23:28 (12001 turns).

GameOver the Covert (Naga Wizard)                  Turns: 12001, Time: 02:23:29

Health: -2/109     AC: 13    Str: 24    XL:     12   Next: 40%
Magic:  19/19      EV: 15    Int: 36    God:    Cheibriados [*****.]
Gold:   655        SH:  4    Dex: 25    Spells: 10/21 levels left

rFire    . . .     SeeInvis +   q - +0 shortbow
rCold    + . .     Gourm    .   (shield currently unavailable)
rNeg     . . .     Faith    .   G - +3 leather armour {rPois}
rPois    +         Spirit   .   o - +1 helmet
rElec    .         Reflect  +   y - +0 cloak
rCorr    .         Harm     .   k - +0 pair of gloves
MR       ++...                  (no barding)
Stlth    +++++.....             s - +4 amulet of reflection
HPRegen  0.28/turn              p - ring of protection from magic
MPRegen  0.16/turn              Q - ring of protection from cold

@: very slow
A: see invisible, deformed body, poison resistance, slowness 2, slow metabolism
1, spit poison 1, AC +4
a: Spit Poison, Bend Time, Temporal Distortion, Slouch, Step From Time, Renounce
Religion


You were on level 2 of the Orcish Mines.
You worshipped Cheibriados.
Cheibriados was extremely pleased with you.
You were near starving.

You visited 4 branches of the dungeon, and saw 15 of its levels.

You collected 1267 gold pieces.
You spent 612 gold pieces at shops.

Inventory:

Hand Weapons
 e - a +2 rapier of venom
 q - a +0 shortbow (weapon)
 w - the +7 long sword "Uheazeah" {slice, rN+ MP+9 Dex+4}
   (You bought it in a shop on level 9 of the Dungeon)

   It inflicts extra damage upon your enemies.
   It affects your dexterity (+4).
   It protects you from negative energy.
   It affects your magic capacity (+9).
 x - a +3 dire flail of crushing
 K - the +4 Vampire's Tooth {vamp}
   (You found it on level 6 of the Dungeon)

   It inflicts no extra harm, but heals its wielder when it wounds a living foe.
Missiles
 g - 28 tomahawks
 n - 78 arrows (quivered)
 v - 5 javelins
 A - 3 throwing nets
 C - 81 bolts
Armour
 k - a +0 pair of gloves (worn)
 o - a +1 helmet (worn)
 y - a +0 cloak (worn)
 G - a +3 leather armour of poison resistance (worn)
 V - the +0 chain mail of Levity {Str+6 Int+3 Dex-3}
   (You found it on level 1 of the Lair of Beasts)

   It affects your strength (+6).
   It affects your intelligence (+3).
   It affects your dexterity (-3).
Magical Staves
 R - an uncursed staff of wizardry {unknown}
Jewellery
 p - a ring of protection from magic (left hand)
 s - a +4 amulet of reflection (around neck)
 O - an uncursed ring of ice
 Q - a ring of protection from cold (right hand)
Wands
 f - a wand of digging (19/24)
Scrolls
 i - 2 scrolls of recharging
 m - 2 scrolls of fear
 t - 2 scrolls of enchant armour
 z - a scroll of magic mapping {unknown}
 F - 2 scrolls of teleportation
 I - 6 scrolls of enchant weapon {unknown}
 S - a scroll of acquirement {unknown}
 T - a scroll of vulnerability {unknown}
Potions
 b - 3 potions of flight {unknown}
 u - 2 potions of ambrosia
 B - a potion of invisibility {unknown}
 E - a potion of mutation
 H - 2 potions of brilliance
 J - 2 potions of cancellation
 L - 3 potions of magic
Books
 c - a book of Minor Magic

   Spells                             Type                      Level
   a - Magic Dart                     Conjuration                  1
   b - Blink                          Translocation                2
   c - Call Imp                       Summoning                    2
   d - Slow                           Hexes                        2
   e - Conjure Flame                  Conjuration/Fire             3
   f - Mephitic Cloud                 Conjuration/Poison/Air       3
 P - a book of Misfortune

   Spells                             Type                      Level
   a - Confusing Touch                Hexes                        1
   b - Confuse                        Hexes                        3
   c - Gell's Gravitas                Translocation                3
   d - Petrify                        Transmutation/Earth          4
   e - Metabolic Englaciation         Hexes/Ice                    5
   f - Yara's Violent Unravelling     Hexes/Transmutation          5
Comestibles
 d - 3 bread rations
 j - 4 meat rations
 U - 4 fruits


   Skills:
 - Level 7.3 Fighting
 * Level 4.7 Long Blades
 - Level 3.3 Maces & Flails
 - Level 5.2 Armour
 + Level 5.8 Dodging
 - Level 11.1 Stealth
 - Level 5.2 Spellcasting
 - Level 5.7 Conjurations
 - Level 3.0 Summonings
 - Level 4.2 Translocations
 - Level 5.1 Air Magic
 - Level 4.0 Poison Magic
 - Level 8.0 Invocations


You had 10 spell levels left.
You knew the following spells:

 Your Spells              Type           Power        Failure   Level  Hunger
a - Magic Dart            Conj           ####         1%          1    None
b - Blink                 Tloc           N/A          1%          2    None
q - Call Imp              Summ           ####....     1%          2    None
s - Mephitic Cloud        Conj/Pois/Air  #####...     1%          3    None
x - Gell's Gravitas       Tloc           #####.....   2%          3    None


Dungeon Overview and Level Annotations

Branches:
Dungeon (9/15)             Temple (1/1) D:5            Lair (3/6) D:9
  Swamp (0/4) Lair:2          Orc (2/2) D:9
  Snake: Lair:2-4    Spider: Lair:2-4       Elf: Orc:2

Altars:
Ashenzari
Cheibriados
Elyvilon
Fedhas
Gozag
Hepliaklqana
Kikubaaqudgha
Makhleb
Nemelex Xobeh
Okawaru
Qazlal
Ru
Sif Muna
Trog
Uskayaw
Vehumet
Wu Jian
Xom
Zin
The Shining One
Beogh

Shops:
D:4 !!!   D:8 *   D:9 *(}   Orc:1 [

Annotations:
D:7 Moebius's ghost, novice HaHu
D:8 exclusion: oklob plant


Innate Abilities, Weirdness & Mutations

You cannot wear boots.
Your serpentine skin is tough. (AC +4)
You have supernaturally acute eyesight. (SInv)
Armour fits poorly on your strangely shaped body.
Your system is resistant to poisons. (rPois)
You cover ground very slowly.
You have a slow metabolism.
You can spit poison.


Message History

The centaur is moderately wounded.
The centaur shoots an arrow.
The arrow completely misses you.
The centaur shoots an arrow.
You reflect the arrow off an invisible shield around you!
The arrow hits the centaur!
You hear a shout! x2
Firing (i - inventory. (,) - cycle):
n - 80 arrows (quivered)
Press: ? - help, Shift-Dir - straight line, f/p - centaur
Aim: a centaur, wielding a shortbow (severely wounded)
You shoot an arrow. The arrow hits the centaur!
The centaur is almost dead.
You have got your breath back.
Firing (i - inventory. (,) - cycle):
n - 79 arrows (quivered)
Press: ? - help, Shift-Dir - straight line, f/p - centaur
Aim: a centaur, wielding a shortbow (almost dead)
You shoot an arrow. The arrow closely misses the centaur.
The centaur shoots an arrow.
The arrow hits you.
* * * LOW HITPOINT WARNING * * *
The centaur wields a shortbow.
The centaur shoots an arrow.
The arrow hits you!
You die...

......$.......
..........####.....
............ ...###
............. .....##
##...##..##..##......#
#≈≈..........##....#
#≈≈≈..c......(#..(##
##≈≈≈≈......)).)...#
≈≈≈......#@(.# #
≈≈≈≈.....#)[#...#
..).oo..().)....#
......o.....).....
≈≈≈≈.....#........
≈≈≈...)..#...(....
≈.....cc....#.).(.
......(..#..#...(#
........##..##.)..


You could see 2 centaurs.

Vanquished Creatures
  3 two-headed ogres
  A death yak (D:9)
  2 cyclopes (Orc:1)
  2 spiny frogs
  2 komodo dragons (Lair:1)
  A troll (Orc:1)
  Prince Ribbit (D:6)
  Sigmund (D:5)
  2 hippogriffs
  Eustachio (D:6)
  11 yaks
  A hungry ghost (D:7)
  6 swamp worms (Lair:2)
  3 wargs
  Edmund (D:6)
  2 water moccasins
  15 orc warriors
  2 ice beasts
  3 sky beasts
  11 ogres
  A necrophage (D:9)
  2 wolves (Lair:2)
  12 centaurs
  3 big kobolds
  5 bullfrogs
  A gnoll sergeant (Orc:1)
  3 scorpions
  A wyvern skeleton (D:9)
  25 killer bees
  4 wights (D:7)
  2 howler monkeys (D:7)
  2 vampire bats (D:6)
  An electric eel (Lair:2)
  A bullfrog zombie (D:8)
  4 crimson imps
  8 hounds
  12 orc priests
  A centaur zombie (D:7)
  4 bullfrog skeletons
  14 orc wizards
  5 iguanas
  Terence (D:3)
  Natasha (thrice) (D:3)
  6 worker ants
  A killer bee zombie (D:7)
  A hound skeleton (D:9)
  A worker ant zombie (D:6)
  Robin (D:3)
  9 gnolls
  9 adders
  4 shadow imps
  4 adder zombies
  An adder skeleton (D:4)
  A worm (D:2)
  2 dart slugs
  6 leopard geckos
  58 orcs
  5 giant cockroaches
  33 goblins
  27 hobgoblins
  4 jackals
  3 quokkas
  10 bats
  5 frilled lizards
  A jackal skeleton (D:5)
  17 kobolds
  A leopard gecko zombie (D:8)
  A quokka zombie (D:6)
  6 rats
403 creatures vanquished.

Vanquished Creatures (collateral kills)
  An orc sorcerer (Orc:1)
  An orc warrior (Orc:1)
  A killer bee (D:7)
  A centaur skeleton (D:4)
  An orc wizard (D:4)
  A gnoll (Orc:1)
  An adder (D:5)
  3 orcs
  5 goblins
  A jackal (D:5)
  A frilled lizard (D:3)
17 creatures vanquished.

Vanquished Creatures (others)
  A centaur (Orc:2)
  8 fungi
  4 plants
13 creatures vanquished.

Grand Total: 433 creatures vanquished

Notes
Turn   | Place    | Note
-------+----------+-------------------------------------------
     0 | D:1      | GameOver the Naga Wizard began the quest for the Orb.
     0 | D:1      | Reached XP level 1. HP: 15/15 MP: 4/4
   261 | D:1      | Reached XP level 2. HP: 22/22 MP: 1/6
   420 | D:1      | Reached skill level 4 in Stealth
   634 | D:2      | Noticed an ogre
   661 | D:1      | Learned a level 2 spell: Blink
   664 | D:1      | Learned a level 2 spell: Call Imp
   717 | D:1      | Reached XP level 3. HP: 12/28 MP: 0/7
   934 | D:2      | Found a faded altar of an unknown god.
  1272 | D:2      | You fall through a shaft!
  1346 | D:3      | Noticed Natasha
  1352 | D:3      | Killed Natasha
  1352 | D:3      | Reached skill level 5 in Stealth
  1352 | D:3      | Reached XP level 4. HP: 20/36 MP: 4/8
  1535 | D:3      | Learned a level 3 spell: Mephitic Cloud
  1565 | D:3      | Reached skill level 1 in Poison Magic
  1677 | D:3      | Noticed Natasha
  1692 | D:3      | Reached XP level 5. HP: 26/42 MP: 6/9
  1746 | D:3      | Noticed Terence
  1762 | D:3      | Killed Terence
  1762 | D:3      | Reached skill level 1 in Air Magic
  2202 | D:3      | Killed Natasha
  2288 | D:3      | Noticed Robin
  2311 | D:3      | Killed Robin
  2457 | D:3      | Reached XP level 6. HP: 45/49 MP: 3/10
  2647 | D:3      | Reached skill level 6 in Stealth
  2788 | D:3      | Found a deep blue altar of Sif Muna.
  3088 | D:3      | Noticed Natasha
  3090 | D:3      | Killed Natasha
  3350 | D:4      | Found Jebroak's Distillery.
  3353 | D:4      | Bought a potion of mutation for 80 gold pieces
  3436 | D:4      | Reached XP level 7. HP: 53/55 MP: 5/11
  3635 | D:4      | Found Zebat's Distillery.
  3647 | D:4      | Reached skill level 7 in Stealth
  3671 | D:4      | Bought a potion of brilliance for 44 gold pieces
  3702 | D:4      | Found Suugimum's Distillery.
  4086 | D:5      | Entered Level 5 of the Dungeon
  4141 | D:5      | Noticed Sigmund
  4156 | D:5      | Killed Sigmund
  4156 | D:5      | Reached skill level 8 in Stealth
  4156 | D:5      | Reached XP level 8. HP: 62/62 MP: 9/12
  4220 | D:5      | Reached skill level 5 in Conjurations
  4548 | D:5      | Found a staircase to the Ecumenical Temple.
  4557 | Temple   | Entered the Ecumenical Temple
  4688 | Temple   | Became a worshipper of Cheibriados the Contemplative
  4790 | D:5      | Found a sacrificial altar of Ru.
  4865 | D:5      | Reached skill level 9 in Stealth
  4865 | D:5      | Reached skill level 5 in Air Magic
  5068 | D:5      | Reached * piety under Cheibriados
  5269 | D:5      | Reached skill level 1 in Fighting
  5273 | D:5      | Reached ** piety under Cheibriados
  5287 | D:5      | Reached skill level 1 in Armour
  5769 | D:6      | Noticed Eustachio
  5789 | D:6      | Killed Eustachio
  5789 | D:6      | Reached skill level 10 in Stealth
  5789 | D:6      | Reached XP level 9. HP: 55/74 MP: 11/13
  6031 | D:6      | Noticed Edmund
  6041 | D:6      | Killed Edmund
  6171 | D:6      | Found the +4 Vampire's Tooth {vamp}
  6226 | D:6      | Noticed Prince Ribbit
  6232 | D:6      | Reached *** piety under Cheibriados
  6251 | D:6      | Killed Prince Ribbit
  6736 | D:7      | Reached **** piety under Cheibriados
  6928 | D:7      | Reached XP level 10. HP: 58/87 MP: 12/14
  6956 | D:7      | Noticed Moebius's ghost (novice HaHu)
  7030 | D:4      | Bought a potion of degeneration for 10 gold pieces
  7030 | D:4      | Bought a potion of agility for 40 gold pieces
  7030 | D:4      | Bought a potion of ambrosia for 80 gold pieces
  7047 | D:4      | Bought a potion of magic for 112 gold pieces
  7123 | D:7      | Reached skill level 5 in Fighting
  7208 | D:7      | Reached ***** piety under Cheibriados
  7483 | D:8      | Found a blossoming altar of Fedhas.
  7504 | D:8      | Noticed an oklob plant
  7721 | D:8      | Noticed a two-headed ogre
  7762 | D:8      | Killed a two-headed ogre
  7762 | D:8      | Reached skill level 5 in Armour
  7938 | D:8      | Found Kaniwy's Assorted Antiques.
  8364 | D:9      | Noticed a death yak
  8369 | D:9      | Found a staircase to the Lair.
  8369 | D:9      | Noticed a death yak
  8369 | D:9      | Noticed a death yak
  8369 | D:9      | Noticed a death yak
  8370 | D:9      | Noticed a death yak
  8370 | D:9      | Noticed a death yak
  8370 | D:9      | Noticed a two-headed ogre
  8440 | D:9      | Noticed a two-headed ogre
  8583 | D:9      | Killed a two-headed ogre
  8593 | D:9      | Reached skill level 5 in Invocations
  8598 | D:9      | Reached XP level 11. HP: 86/97 MP: 8/15
  8629 | D:9      | Killed a death yak
  8820 | D:9      | Found Xaingawain's Gadget Boutique.
  8845 | D:9      | Found Ustred's Antique Weapon Shoppe.
  8897 | D:9      | Found Yppo's General Store.
  8957 | D:9      | Killed a two-headed ogre
  8957 | D:9      | Reached skill level 5 in Dodging
  9220 | Lair:1   | Entered Level 1 of the Lair of Beasts
  9586 | Lair:1   | Got a transparent chain mail
  9597 | Lair:1   | Identified the cursed +0 chain mail of Levity {Str+6 Int+3 Dex-3} (You found it on level 1 of the Lair of Beasts)
  9963 | Lair:2   | Learned a level 3 spell: Gell's Gravitas
 10174 | Lair:2   | Reached skill level 5 in Spellcasting
 10795 | Lair:2   | Found a staircase to the Swamp.
 10905 | Lair:2   | Reached skill level 1 in Maces & Flails
 10990 | Lair:3   | Noticed a catoblepas
 11074 | D:9      | Found a staircase to the Orcish Mines.
 11077 | D:9      | Found a roughly hewn altar of Beogh.
 11092 | Orc:1    | Entered Level 1 of the Orcish Mines
 11096 | Orc:1    | Reached ****** piety under Cheibriados
 11099 | Orc:1    | Noticed an orc sorcerer
 11127 | Orc:1    | Killed an orc sorcerer
 11273 | D:9      | Bought a jewelled long sword for 246 gold pieces
 11273 | D:9      | Identified the +7 long sword "Uheazeah" {slice, rN+ MP+9 Dex+4} (You bought it in a shop on level 9 of the Dungeon)
 11360 | Orc:2    | Entered Level 2 of the Orcish Mines
 11367 | Orc:2    | Reached XP level 12. HP: 40/109 MP: 19/19
 11367 | Orc:2    | Reached skill level 1 in Long Blades
 11603 | Orc:1    | Found Raepur's Antique Armour Shoppe.
 11629 | Orc:1    | Reached skill level 11 in Stealth
 11688 | Orc:1    | Found a bloodstained altar of Trog.
 11977 | Orc:2    | HP: 2/109 [orc knight/bolt (7)]
 12001 | Orc:2    | Shot with an arrow by a centaur

Vault maps used:
D:1:      wheals_arrival_shading, minmay_pentomino_t2
D:2:      chequers_ecumenical_altar_simple_redux
D:3:      lemuel_blue_sif_altar, uniq_terence, uniq_robin, uniq_natasha
D:4:      serial_shops, kennysheep_mini, shop, nicolae_shop_stone
D:5:      minmay_goblin_kobold_castle, lemuel_temple_firewalk_b, first_bread,
          basic_altar, uniq_sigmund
D:6:      minmay_guarded_unrand_vampires_tooth, uniq_prince_ribbit1,
          uniq_eustachio, uniq_edmund
D:8:      tgw_fedhas, serial_shops, shop_fountains
D:9:      dpeg_lair_monsters, minmay_orc_entry_temple_small,
          serial_corexii_hall, corexii_hall_statues_l, corexii_hall_statues_l,
          serial_shops, nicolae_shop_waterfront, nicolae_shop_behind_doors,
          shop, minivault_4, david_nohive_1, minmay_misc_feat_tower
Temple:   minmay_crystal_snake_temple
Lair:1:   grunt_megastairs_1
Lair:2:   nicolae_swamp_entry_splash_gauntlet, serial_bayou_shore_b
Orc:1:    serial_shops, nicolae_shop_stone, trog_hazing_becter
Orc:2:    st_orc_rangers, serial_shops, nicolae_shop_waterfront,
          guppyfry_library_mini

Skill      XL: |  1  2  3  4  5  6  7  8  9 10 11 12 |
---------------+-------------------------------------+-----
Stealth        | 4 5 6 8 10 11 | 11.1
Conjurations   | 2 3 4 5 |  5.7
Poison Magic   | 1 2 4 |  4.0
Air Magic      | 2 3 4 5 |  5.1
Fighting       | 2 4 6 7 |  7.3
Armour         | 1 4 5 |  5.2
Translocations | 4 |  4.2
Dodging        | 2 4 5 |  5.8
Summonings     | 3 |  3.0
Invocations    | 5 8 |  8.0
Spellcasting   | 5 |  5.2
Maces & Flails | 3 |  3.3
Long Blades    | 4 |  4.7

Action                   |  1- 3 |  4- 6 |  7- 9 | 10-12 || total
-------------------------+-------+-------+-------+-------++-------
Melee: Club              |     2 |    30 |     2 |       ||    34
       Rapier            |       |       |    51 |    80 ||   131
       Hand axe          |       |       |   159 |    99 ||   258
       Dire flail        |       |       |       |   107 ||   107
       Long sword        |       |       |       |    30 ||    30
 Fire: Shortbow          |       |       |   148 |   168 ||   316
 Cast: Magic Dart        |    31 |    60 |     9 |     5 ||   105
       Call Imp          |     1 |    16 |    16 |    11 ||    44
       Mephitic Cloud    |       |     1 |    27 |    31 ||    59
       Blink             |       |       |     1 |     9 ||    10
       Gell's Gravitas   |       |       |       |     1 ||     1
Invok: Bend Time         |       |       |       |     3 ||     3
       Slouch            |       |       |       |     6 ||     6
 Abil: Spit Poison       |    35 |    71 |    75 |    85 ||   266
  Use: Scroll            |     4 |     4 |     3 |     9 ||    20
       Potion            |     1 |       |     1 |     9 ||    11
 Stab: Confused          |       |       |     9 |    14 ||    23
       Sleeping          |       |       |     6 |     7 ||    13
       Distracted        |       |       |     1 |     3 ||     4
  Eat: Chunk             |     3 |    10 |    14 |    13 ||    40
       Royal jelly       |       |       |     1 |       ||     1
       Fruit             |       |       |       |     1 ||     1
       Bread ration      |       |       |       |     1 ||     1
Armor: Robe              |     3 |    35 |    34 |       ||    72
       Leather armour    |       |       |    78 |   127 ||   205
       Skin              |       |       |       |    30 ||    30
Dodge: Dodged            |     9 |    55 |   162 |   273 ||   499
Block: Other             |       |    15 |    50 |    84 ||   149
       Reflection        |       |     1 |     9 |    20 ||    30
       Rpst.: Long sword |       |       |       |     7 ||     7

Table legend:
 A = Spawn XP
 B = Non-spawn XP
 C = Spawn XP percentage of total XP
 D = Spawn monster count
 E = Non-spawn monster count
 F = Spawn count percentage of total count
 G = Total turns spent on level
                    A         B        C        D         E        F      G
               +---------+---------+-------+---------+---------+-------+---------
         Total |       0 |   23855 |   0.0 |       0 |     421 |   0.0 | 12001
               +---------+---------+-------+---------+---------+-------+---------
           D:1 |       0 |      39 |   0.0 |       0 |      16 |   0.0 |   804
           D:2 |       0 |     119 |   0.0 |       0 |      12 |   0.0 |   940
           D:3 |       0 |     309 |   0.0 |       0 |      49 |   0.0 |  1388
           D:4 |       0 |     663 |   0.0 |       0 |      24 |   0.0 |  1054
           D:5 |       0 |    1133 |   0.0 |       0 |      65 |   0.0 |  1510
           D:6 |       0 |    1307 |   0.0 |       0 |      30 |   0.0 |   978
           D:7 |       0 |    1917 |   0.0 |       0 |      47 |   0.0 |   499
           D:8 |       0 |    2311 |   0.0 |       0 |      26 |   0.0 |  1126
           D:9 |       0 |    4198 |   0.0 |       0 |      39 |   0.0 |   919
        Lair:1 |       0 |    2648 |   0.0 |       0 |      11 |   0.0 |   740
        Lair:2 |       0 |    2949 |   0.0 |       0 |      17 |   0.0 |  1011
         Orc:1 |       0 |    3459 |   0.0 |       0 |      42 |   0.0 |   585
         Orc:2 |       0 |    2803 |   0.0 |       0 |      43 |   0.0 |   222
               +---------+---------+-------+---------+---------+-------+---------
